 Dungeon Crawl Stone Soup version 0.32-a0-119-g2e8054a333 (webtiles) character file.

Game seed: 3951024075801769095

869 IndexError the Ruffian (level 7, -12/52 HPs)
             Began as a Purple Draconian Shapeshifter on Feb 6, 2024.
             Was a Believer of the Shining One.
             Mangled by a two-headed ogre
             ... wielding a +0 giant spiked club
              (23 damage)
             ... on level 5 of the Dungeon.
             The game lasted 00:11:21 (4517 turns).

IndexError the Ruffian (DrSh)                       Turns: 4517, Time: 00:11:21

Health: -12/52     AC:  6    Str: 18    XL:     7   Next: 73%
Magic:  7/7        EV: 12    Int: 11    God:    the Shining One [**....]
Gold:   330        SH:  0    Dex: 10    Spells: 6/6 levels left

rFire   . .          .
                       - Unarmed
rCold   . . .        (no shield)
rNeg    + . .        (body armour unavailable)
rPois   .            (helmet currently unavailable)
rElec   .            (cloak currently unavailable)
rCorr   .            (gloves currently unavailable)
SInv    .            (boots currently unavailable)
Will    +....        (no amulet)
Stlth   +            s - ring of flight {+Fly, !d}
HPRegen 0.28/turn    y - ring of wizardry {Wiz+, !d}
MPRegen 0.10/turn

%: wizardry (x1)
@: beast-form, flying, glowing
A: beast (slay +3), breathe power, AC +6, unfitting armour, cold-blooded
a: Breathe Dispelling Energy, Begin Untransformation, Renounce Religion, Divine
Shield


You were on level 5 of the Dungeon.
You worshipped the Shining One.
The Shining One was pleased with you.
You were a hulking beast.
You visited 1 branch of the dungeon, and saw 5 of its levels.

You collected 330 gold pieces.

Inventory:

Missiles
 m - 5 boomerangs (quivered)
Armour
 o - a +0 pair of boots
   (You found it on level 3 of the Dungeon)
Jewellery
 s - a ring of flight (left hand) {+Fly, !d}
   (You found it on level 4 of the Dungeon)
 y - a ring of wizardry (right hand) {Wiz+, !d}
   (You found it on level 4 of the Dungeon)
Talismans
 b - a beast talisman
 c - a flux talisman
Wands
 l - a wand of roots (3)
   (You found it on level 2 of the Dungeon)
 n - a wand of charming (7)
   (You found it on level 3 of the Dungeon)
Scrolls
 f - a scroll of blinking {unknown}
 h - 3 scrolls of revelation {unknown}
 i - a scroll of brand weapon {unknown}
 j - a scroll of acquirement {unknown}
 k - 2 scrolls of vulnerability {unknown}
 p - 5 scrolls of identify {unknown}
 q - a scroll of teleportation {unknown}
 t - a scroll of fear {unknown}
 u - 2 scrolls of noise {unknown}
 v - 5 scrolls of poison {unknown}
 x - a scroll of enchant armour {unknown}
Potions
 a - a potion of lignification {!q}
 d - a potion of ambrosia {unknown}
 e - a potion of curing
 g - 4 potions of cancellation
 r - a potion of enlightenment {unknown}
 w - a potion of might {unknown}
 z - 2 potions of brilliance {unknown}
 A - a potion of heal wounds {unknown}
 B - a potion of haste {unknown}


   Skills:
 - Level 1.1 Fighting
 - Level 1.7 Dodging
 + Level 6.9 Unarmed Combat
 + Level 6.4 Shapeshifting


You had 6 spell levels left.
You didn't know any spells.
Your spell library contained the following spells:

 Spells                   Type           Power      Damage    Failure   Level
 Slow                     Hex            0%         N/A       14%         1
 Lesser Beckoning         Tloc           0%         N/A       21%         2
 Call Canine Familiar     Summ           0%         N/A       38%         3
 Confusing Touch          Hex            0%         N/A       38%         3
 Gell's Gravitas          Tloc           0%         N/A       38%         3
 Sigil of Binding         Hex            0%         N/A       38%         3
 Teleport Other           Tloc           0%         N/A       38%         3
 Vampiric Draining        Necr           0%         2d6       38%         3
 Dimensional Bullseye     Hex/Tloc       0%         N/A       77%         4


Dungeon Overview and Level Annotations

Branches:
Dungeon (5/15)             Temple (0/1) D:5

Altars:
Elyvilon
Kikubaaqudgha
Qazlal
Sif Muna
Yredelemnul
Zin
The Shining One


Innate Abilities, Weirdness & Mutations

You are a hulking beast.
Your limbs bulge with bestial killing power. (Slay +3)
You can breathe bolts of dispelling energy.
Your rich purple scales are hard. (AC +6)
You cannot fit into any form of body armour.
You are cold-blooded and may be slowed by cold attacks.


Message History

You hit the centaur.
You have reached level 7!
Your scales start taking on a rich purple colour.
You learn Spellcasting much quicker.
You learn Hexes much quicker.
You learn Evocations quicker.
You can breathe bolts of dispelling energy.
You regained 5 hp, and now have 45/52 hp.
MP restored: 7 No target in view!
Okay, then.
Unknown command.
Things that are here:
a +0 orcbow; a centaur corpse
Found a staircase to the Ecumenical Temple.
Health restored: 52 You now have 252 gold pieces (gained 10).
You now have 267 gold pieces (gained 15).
A jelly and a black bear come into view.
The jelly quivers.
The black bear growls angrily.
You punch the jelly!
Your hands burn!
The jelly hits you but does no damage.
You take 2 damage, and have 50/52 hp.
You punch the jelly! You hit the black bear. The black bear closely misses you.
The black bear claws you.
The black bear claws you but does no damage.
You take 1 damage, and have 49/52 hp.
You punch the black bear! You punch the black bear.
The black bear goes berserk!
You punch the black bear!
Your Shapeshifting skill increases to level 6!
No target in view!
Search for what [? for help]? talisman Unknown command.
B - a sedimented green potion Health restored: 52 You now have 282 gold pieces (gained 15).
There is a stone staircase leading up here.
A phantom comes into view.
A phantom is nearby!
You barely miss the phantom. You barely miss the phantom.
You tail-slap the phantom. The phantom barely misses you.
You barely miss the phantom.
The phantom hits you but does no damage.
You punch the phantom! Your punch misses the phantom.
The phantom hits you but does no damage.
You barely miss the phantom. You punch the phantom!
The phantom closely misses you.
You barely miss the phantom. You tail-slap the phantom. The phantom hits you.
You take 6 damage, and have 46/52 hp.
You hit the phantom.
Your tail-slap misses the phantom.
The phantom hits you.
The phantom blinks!
You blink.
You take 2 damage, and have 44/52 hp.
You hit the phantom. You hit the phantom. You tail-slap the phantom.
The Shining One accepts your kill.
You feel better.
Health restored: 52 No target in view!
You now have 293 gold pieces (gained 11).
An ice beast comes into view.
You hit the ice beast. You punch the ice beast!
The ice beast hits you but does no damage.
You punch the ice beast!
The ice beast hits you but does no damage.
You hit the ice beast. The ice beast misses you.
You punch the ice beast!
No target in view!
v - 5 scrolls labelled BITOBBAUCIOX (gained 1)
You now have 307 gold pieces (gained 14).
h - 3 scrolls labelled DIOPUPLOOR (gained 1)
You now have 316 gold pieces (gained 9).
You now have 330 gold pieces (gained 14).
The two-headed ogre shouts in stereo!
A two-headed ogre is nearby!
A two-headed ogre is nearby!
Okay, then.
There are no items here.
Unknown command.
You don't know any spells.
Unknown command.
You throw a boomerang. The boomerang hits the two-headed ogre.
You throw a boomerang. The boomerang hits the two-headed ogre.
You throw a boomerang. The boomerang hits the two-headed ogre.
You throw a boomerang. The boomerang hits the two-headed ogre!
You hit the two-headed ogre. The two-headed ogre closely misses you.
The two-headed ogre misses you.
You punch the two-headed ogre!
You hit the two-headed ogre but do no damage.
The two-headed ogre hits you with a +0 giant spiked club!
The two-headed ogre hits you with a +0 giant club!
You take 23 damage, and have 29/52 hp.
MASSIVE DAMAGE!!
You are too injured to fight recklessly!
You completely miss the two-headed ogre.
You tail-slap the two-headed ogre!
The two-headed ogre hits you with a +0 giant spiked club!!
* * * LOW HITPOINT WARNING * * *
The two-headed ogre hits you with a +0 giant club!!
You die...

########...###.###......#
........................#
#####.########.###......#
#.# #.# #......# #####.#
##.# #......# ......#
#..# #.###### #..####
#.####.# ##...##
##.###..# ####..#
###..##h..## .#
##.####...##O.#..####
.####...##......###....#
.<.####.....#........#.#
#..##....###..#...##...#
......##)##....#.#..#..#
..######....#..#....#..#
.## ##.#...##....#..## ##
##..##.....>.....#


You could see a two-headed ogre.

Vanquished Creatures
  An ice beast (D:5)
  A black bear (D:5)
  A centaur (D:5)
  An ogre (D:4)
  2 phantoms
  A scorpion (D:4)
  A jelly (D:5)
  2 hounds (D:4)
  A sleepcap (D:5)
  An orc wizard (D:5)
  5 adders
  10 dart slugs
  4 ribbon worms
  10 orcs
  5 endoplasms
  4 giant cockroaches
  A goblin (D:3)
  6 hobgoblins
  9 jackals
  7 quokkas
  3 ball pythons
  5 bats
  3 frilled lizards
  7 kobolds
  23 rats
114 creatures vanquished.

Notes
Turn   | Place    | Note
-------+----------+-------------------------------------------
     0 | D:1      | IndexError the Draconian Shapeshifter began the quest for
                  | the Orb.
     0 | D:1      | Reached XP level 1. HP: 16/16 MP: 1/1
   161 | D:1      | Reached XP level 2. HP: 23/23 MP: 2/2
   551 | D:1      | Found a faded altar of an unknown god.
   557 | D:1      | Prayed at the altar of an unknown god.
   557 | D:1      | Became a worshipper of the Shining One
   557 | D:1      | Reached * piety under the Shining One
   926 | D:2      | Reached XP level 3. HP: 22/28 MP: 3/3
  1214 | D:2      | Reached skill level 4 in Unarmed Combat
  1552 | D:2      | Reached XP level 4. HP: 31/35 MP: 4/4
  1852 | D:3      | Reached ** piety under the Shining One
  1869 | D:3      | Reached skill level 4 in Shapeshifting
  2000 | D:3      | Found a shimmering blue altar of Sif Muna.
  2008 | D:3      | Found a glowing silver altar of Zin.
  2487 | D:3      | Found a stormy altar of Qazlal.
  2487 | D:3      | Found a basalt altar of Yredelemnul.
  2487 | D:3      | Found an ancient bone altar of Kikubaaqudgha.
  2716 | D:4      | Reached XP level 5. HP: 35/40 MP: 5/5
  2841 | D:4      | Reached skill level 5 in Unarmed Combat
  2849 | D:4      | HP: 7/40 [scorpion (4)]
  2854 | D:4      | Reached XP level 6. HP: 19/47 MP: 6/6
  2854 | D:4      | HP: 17/70 [poisoned by a scorpion]
  2859 | D:4      | HP: 13/70 [poisoned by a scorpion]
  3114 | D:4      | Reached skill level 5 in Shapeshifting
  3599 | D:4      | Found a white marble altar of Elyvilon.
  3784 | D:5      | Entered Level 5 of the Dungeon
  3784 | D:5      | Noticed a two-headed ogre
  3817 | D:5      | Upgraded the game from 0.32-a0-39-g5c88369fb2 to
                  | 0.32-a0-119-g2e8054a333
  4002 | D:5      | Reached skill level 6 in Unarmed Combat
  4144 | D:5      | Your scales start taking on a rich purple colour.
  4144 | D:5      | Reached XP level 7. HP: 45/52 MP: 7/7
  4170 | D:5      | Found a staircase to the Ecumenical Temple.
  4296 | D:5      | Reached skill level 6 in Shapeshifting
  4517 | D:5      | HP: 11/52 [two-headed ogre/+0 giant spiked club (18)]
  4517 | D:5      | Mangled by a two-headed ogre

Illustrated notes

Levels and vault maps discovered:
D:1:      tarquinn_simple_flora_water_e, layout_basic, serial_forest,
          infiniplex_forest_fountain, infiniplex_forest_straight_2,
          infiniplex_forest_clump_small, infiniplex_forest_clump_medium,
          infiniplex_forest_end_1, infiniplex_forest_clump_tiny,
          infiniplex_forest_end_2, shapermc_ecumenical_altar_notcrosses
D:2:      layout_basic, minmay_rat_hole
D:3:      kennysheep_slugbush, layout_loops_ring,
          gammafunk_temple_overflow_claw, nicolae_overflow_squiral,
          minmay_box_of_dots
D:4:      layout_loops_ring, mainiacjoe_overflow_alcove_4, minmay_joined_circles
D:5:      layout_rooms, minmay_temple_entry_mini_moons, serial_bayou_pond_b,
          minmay_misc_feat_diagonals

Skill      XL: |  1  2  3  4  5  6  7 |
---------------+----------------------+-----
Unarmed Combat | 4 5 6 |  6.9
Shapeshifting  | 4 5 6 |  6.4
Fighting       | |  1.1
Dodging        | |  1.7

Action                     |  1- 3 |  4- 6 |  7- 9 || total
---------------------------+-------+-------+-------++-------
  Melee: Unarmed           |    88 |   158 |    22 ||   268
         Tailslap          |     6 |    19 |     4 ||    29
         Punch             |     3 |     4 |     3 ||    10
  Throw: Boomerang         |       |     1 |     4 ||     5
    Use: Potion            |       |     3 |       ||     3
 Armour: Skin              |    47 |    85 |    13 ||   145
  Dodge: Dodged            |    50 |    97 |     6 ||   153

Table legend: (Time is in decaauts)
 A = Elapsed time spent in this place.
 B = Non-inter-level travel time spent in this place.
 C = Inter-level travel time spent in this place.
 D = Time resting spent in this place.
 E = Time spent auto-exploring this place.
 F = Levels seen in this place.
 G = Mean time per level.
                   A        B        C        D        E       F      G
               +--------+--------+--------+--------+--------+-----+--------+
         Total |   4511 |   4110 |    401 |    109 |   3279 |   5 |  902.2 |
       Dungeon |   4511 |   4110 |    401 |    109 |   3279 |   5 |  902.2 |
               +--------+--------+--------+--------+--------+-----+--------+

Top non-repeatable levels by time:
     D:4: 1187 daAuts
     D:2: 960 daAuts
     D:3: 865 daAuts
     D:1: 827 daAuts
     D:5: 669 daAuts

Levels and vault maps discovered:
D:1:      tarquinn_simple_flora_water_e, layout_basic, serial_forest,
          infiniplex_forest_fountain, infiniplex_forest_straight_2,
          infiniplex_forest_clump_small, infiniplex_forest_clump_medium,
          infiniplex_forest_end_1, infiniplex_forest_clump_tiny,
          infiniplex_forest_end_2, shapermc_ecumenical_altar_notcrosses
D:2:      layout_basic, minmay_rat_hole
D:3:      kennysheep_slugbush, layout_loops_ring,
          gammafunk_temple_overflow_claw, nicolae_overflow_squiral,
          minmay_box_of_dots
D:4:      layout_loops_ring, mainiacjoe_overflow_alcove_4, minmay_joined_circles
D:5:      layout_rooms, minmay_temple_entry_mini_moons, serial_bayou_pond_b,
          minmay_misc_feat_diagonals

Table legend: (Time is in decaauts)
 A = Elapsed time spent in this place.
 B = Non-inter-level travel time spent in this place.
 C = Inter-level travel time spent in this place.
 D = Time resting spent in this place.
 E = Time spent auto-exploring this place.
 F = Levels seen in this place.
 G = Mean time per level.
                   A        B        C        D        E       F      G
               +--------+--------+--------+--------+--------+-----+--------+
         Total |   4511 |   4110 |    401 |    109 |   3279 |   5 |  902.2 |
       Dungeon |   4511 |   4110 |    401 |    109 |   3279 |   5 |  902.2 |
               +--------+--------+--------+--------+--------+-----+--------+

Top non-repeatable levels by time:
     D:4: 1187 daAuts
     D:2: 960 daAuts
     D:3: 865 daAuts
     D:1: 827 daAuts
     D:5: 669 daAuts

Table legend:
 A = Kills in this place as a percentage of kills in the entire game.
 B = Kills by you in this place as a percentage of kills by you in the entire game.
 C = Kills by friends in this place as a percentage of kills by friends in the entire game.
 D = Other kills in this place as a percentage of other kills in the entire game.
 E = Experience gained in this place as a percentage of experience gained in the entire game.
 F = Experience gained in this place divided by the number of levels of this place that you have seen.
                   A       B       C       D       E      F
               +-------+-------+-------+-------+-------+----------------------
         Total | 100.0 | 100.0 |   N/A |   N/A | 100.0 | 248.4
       Dungeon | 100.0 | 100.0 |   N/A |   N/A | 100.0 | 248.4
               +-------+-------+-------+-------+-------+----------------------
